 Dungeon Crawl Stone Soup version 0.26.1-11-gd32895ea62 (webtiles) character file.

Game seed: 11419793927519445308

595 Zeld the Shield-Bearer (level 7, 0/47 HPs)
             Began as an Octopode Fighter on May 10, 2021.
             Slain by an orc
             ... wielding a +1 trident of venom
              (7 damage)
             ... on level 3 of the Dungeon.
             The game lasted 00:04:44 (3940 turns).

Zeld the Shield-Bearer (Octopode Fighter)           Turns: 3940, Time: 00:04:45

Health: 0/47       AC:  1    Str: 17    XL:     7   Next: 40%
Magic:  7/7        EV: 12    Int: 10    God:
Gold:   148        SH:  9    Dex: 12    Spells: 6/6 levels left

rFire    . . .     SeeInvis .   a - +0 war axe
rCold    . . .     Faith    .   b - +0 kite shield
rNeg     . . .     Spirit   .   (helmet restricted)
rPois    .         Reflect  .   (no amulet)
rElec    .         Harm     .   (no ring)
rCorr    .         Rampage  .   (no ring)
Will     .....                  (no ring)
Stlth    ++........             (no ring)
HPRegen  0.15/turn              (no ring)
MPRegen  0.10/turn              (no ring)
                                (no ring)
                                (no ring)

@: lethally poisoned (0 -> -14)
A: almost no armour, stealthy swim, amphibious, 8 rings, constrict 8, camouflage
1, gelatinous body 1
a: no special abilities


You were on level 3 of the Dungeon.
You visited 1 branch of the dungeon, and saw 5 of its levels.

You collected 148 gold pieces.

Inventory:

Hand Weapons
 a - a +0 war axe (weapon)
Missiles
 i - 10 poisoned darts (quivered)
Armour
 b - a +0 kite shield (worn)
Jewellery
 f - an uncursed ring of magical power {unknown}
Wands
 o - a wand of acid (3)
Scrolls
 d - 2 scrolls of enchant armour {unknown}
 g - a scroll of remove curse {unknown}
 h - 3 scrolls of identify {unknown}
 j - a scroll of amnesia {unknown}
 k - a scroll of random uselessness {unknown}
Potions
 c - a potion of might
 e - a potion of flight {unknown}
 m - a potion of attraction {unknown}
 n - a potion of haste {unknown}


   Skills:
 - Level 3.8 Fighting
 + Level 4.4 Axes
 * Level 4.3 Throwing
 - Level 3.0 Dodging
 + Level 5.0 Shields


You had 6 spell levels left.
You didn't know any spells.
Your spell library was empty.

Dungeon Overview and Level Annotations

Branches:
Dungeon (5/15)
 Temple: D:4-7

Altars:
Ashenzari


Innate Abilities, Weirdness & Mutations

You cannot wear most types of armour.
You are very stealthy in the water. (Stealth+)
You are amphibious.
You can wear up to eight rings at the same time.
You can use your tentacles to constrict eight enemies at once.
Your skin changes colour to match your surroundings (Stealth+).
Your rubbery body absorbs attacks. (AC +1, EV +1)


Message History

You block the orc's attack. The orc priest closely misses you.
You hit the orc priest but do no damage.
Your grab misses the orc priest. You hit the orc priest.
You kill the orc priest!
The orc priest hits you with a cursed -2 club.
You block the orc's attack.
Unknown command.
You hit the orc priest. You grab the orc priest. You squeeze the orc priest.
The orc priest is heavily wounded.
You constrict the orc priest.
The orc hits you from afar with a +1 trident of venom!
* * * LOW HITPOINT WARNING * * *
You are lethally poisoned!
The orc priest barely misses you.
You slash the orc priest!
You kill the orc priest!
* * * LOW HITPOINT WARNING * * *
You feel sick.
The orc hits you from afar with a +1 trident of venom!
You die... ....... ..... .oo.. .g. ooo

#o# ########### #.#
#.......@)# #.#
#..######)# #.#
#..#§≈§§#o# #.#
#..'≈.>§#.## #.#
#..'§§.≈#..# #.#
#..#≈≈≈≈#.)######.#
#..######.........###.
#.........#.....o.....#
#.#######....####.#####


You could see an orc.

Vanquished Creatures
  Sigmund (D:3)
  A big kobold (D:5)
  A bullfrog (D:5)
  2 orc priests (D:3)
  2 bullfrog skeletons
  Jessica (D:3)
  2 iguanas
  A hound skeleton (D:5)
  5 adders
  3 worms
  3 dart slugs
  5 leopard geckos
  4 orcs (D:3)
  3 giant cockroaches
  11 goblins
  9 hobgoblins
  5 kobolds
  2 quokkas
  10 bats
  5 frilled lizards
  3 rats (D:2)
79 creatures vanquished.

Notes
Turn   | Place    | Note
-------+----------+-------------------------------------------
     0 | D:1      | Zeld the Octopode Fighter began the quest for the Orb.
     0 | D:1      | Reached XP level 1. HP: 16/16 MP: 1/1
   313 | D:1      | Reached XP level 2. HP: 21/21 MP: 2/2
   908 | D:1      | Reached XP level 3. HP: 20/26 MP: 3/3
  1700 | D:2      | Reached XP level 4. HP: 33/33 MP: 4/4
  2746 | D:3      | Noticed Jessica
  2751 | D:3      | Killed Jessica
  2752 | D:3      | Reached skill level 1 in Throwing
  2752 | D:3      | Reached skill level 4 in Shields
  2752 | D:3      | Reached XP level 5. HP: 22/37 MP: 5/5
  2997 | D:3      | Noticed Sigmund
  3001 | D:3      | Killed Sigmund
  3002 | D:3      | Reached XP level 6. HP: 29/43 MP: 6/6
  3161 | D:3      | You fall into a shaft and drop 2 floors!
  3161 | D:5      | Entered Level 5 of the Dungeon
  3315 | D:5      | Reached XP level 7. HP: 34/47 MP: 7/7
  3906 | D:3      | Found a broken altar of Ashenzari.
  3933 | D:3      | Reached skill level 5 in Shields
  3940 | D:3      | Slain by an orc

Illustrated notes

Levels and vault maps discovered:
D:1:      kennysheep_arrival_seaside, layout_basic, roderic_serpentine_path
D:2:      layout_loops_corners, nrook_mini_backslash, serial_park_tiny_2,
          kennysheep_generic_room_8
D:3:      layout_loops_ring, lemuel_round_altar, general_overflow_altar,
          uniq_jessica, uniq_sigmund
D:4:      layout_cave_pools, kennysheep_little_box, serial_shops, shop, shop,
          nicolae_shop_trees, shop
D:5:      kennysheep_big_flooded_room, layout_basic,
          nicolae_overflow_crystal_walls, grunt_gozag_breadcrumbs, uniq_menkaure

Skill      XL: |  1  2  3  4  5  6  7 |
---------------+----------------------+-----
Axes           | 3 4 |  4.4
Throwing       | 1 2 3 4 |  4.3
Shields        | 4 5 |  5.0
Fighting       | |  3.8
Dodging        | |  3.0

Action                   |  1- 3 |  4- 6 |  7- 9 || total
-------------------------+-------+-------+-------++-------
Melee: War axe           |    45 |    76 |    30 ||   151
       Constrict         |    17 |    20 |    11 ||    48
       Tentacles         |    12 |    15 |     7 ||    34
  Use: Potion            |       |       |     2 ||     2
 Stab: Sleeping          |     9 |     6 |     2 ||    17
Armor: Skin              |     2 |     9 |     1 ||    12
Dodge: Dodged            |    17 |    27 |    13 ||    57
Block: Kite shield       |    11 |    35 |    11 ||    57
